 Dungeon Crawl Stone Soup version 0.30-a0-632-g346586fe48 (webtiles) character file.

Game seed: 16768290035808809379

3316 tilp the Knight (level 10, -4/77 (83) HPs)
             Began as a Meteoran Fighter on Jan 13, 2023.
             Was a Priest of Okawaru.
             Slain by a centaur
             ... wielding a +0 broad axe
              (9 damage)
             ... on level 8 of the Dungeon.
             The game lasted 00:10:15 (2002 turns).

tilp the Knight (Meteoran Fighter)                  Turns: 2002, Time: 00:10:16

HP:   -4/77 (83)    AC: 12    Str: 17    XL:     10   Next: 44%
MP:   17/17         EV: 15    Int: 11    God:    Okawaru [***...]
Gold: 289           SH:  5    Dex: 18    Spells: 9/9 levels left

rFire   . . .      SeeInvis .    a - +1 long sword
rCold   . . .      Faith    .    c - +0 buckler
rNeg    . . .      Spirit   .    l - +0 chain mail
rPois   .          Reflect  .    (no helmet)
rElec   .          Harm     .    (no cloak)
rCorr   .          Rampage  .    o - +1 pair of gloves
Will    +....                    (no boots) Stlth
                                 (no amulet)
HPRegen 0.32/turn                p - +5 ring of evasion
MPRegen 0.15/turn                (no ring)

@: mighty, lethally poisoned (-4 -> -5), slowed, glowing, drained, very slow
A: sense surroundings 2, otherworldly, glowing, explore regen
a: Renounce Religion, Heroism


You were on level 8 of the Dungeon.
You worshipped Okawaru.
Okawaru was most pleased with you.
You visited 2 branches of the dungeon, and saw 9 of its levels.

You collected 289 gold pieces.

Inventory:

Hand Weapons
 a - a +1 long sword (weapon)
 i - a +2 dagger of draining
 w - a +4 dagger
 z - a +0 dagger of chaos
Missiles
 f - 5 boomerangs
 r - 17 poisoned darts (quivered)
 v - a curare-tipped dart
Armour
 b - a +0 scale mail
 c - a +0 buckler (worn)
 l - a +0 chain mail (worn)
 o - a +1 pair of gloves (worn)
 q - a +0 plate armour
Jewellery
 j - a +6 ring of intelligence
 p - a +5 ring of evasion (left hand)
 y - a ring of fire
Scrolls
 h - 3 scrolls of fear
 t - 2 scrolls of teleportation
 u - a scroll of immolation
 x - a scroll of identify
Potions
 d - 2 potions of might
 g - a potion of lignification {unknown}
 k - a potion of cancellation {unknown}
 m - a potion of attraction {unknown}
 n - 3 potions of curing
 s - a potion of haste


   Skills:
 - Level 6.0 Fighting
 + Level 7.4 Long Blades
 - Level 4.0 Throwing
 - Level 6.0 Armour
 + Level 7.5 Dodging
 - Level 4.0 Stealth
 - Level 4.0 Shields
 - Level 8.0 Invocations


You had 9 spell levels left.
You didn't know any spells.
Your spell library was empty.

Dungeon Overview and Level Annotations

Branches:
Dungeon (8/15) Zot: 2751   Temple (1/1) D:4 Zot: 577
   Lair: D:8-11

Altars:
Ashenzari
Cheibriados
Dithmenos
Elyvilon
Fedhas
Gozag
Hepliaklqana
Kikubaaqudgha
Makhleb
Nemelex Xobeh
Okawaru
Qazlal
Sif Muna
Trog
Uskayaw
Wu Jian
Xom
Yredelemnul
Zin
The Shining One

Shops:
D:7 *

Annotations:
D:6 1 runed translucent door, heinrich's ghost, novice VSBr


Innate Abilities, Weirdness & Mutations

You passively map the area around you.
You are easily found by Zot.
You glow in the dark.
You regain HP and MP as you explore.


Message History

You feel drained.
You hear a shout!
Things that are here:
a +0 flail; a killer bee corpse You feel much better.
The centaur shoots an arrow.
The arrow misses you.
A jelly and a kobold brigand come into view.
The kobold brigand is wielding a +0 dagger and quivering curare-tipped darts.
The jelly quivers.
The kobold brigand shouts!
The centaur shoots an arrow.
The arrow hits you!
* * * LOW HITPOINT WARNING * * *
You feel drained.
* * * LOW HITPOINT WARNING * * *
The kobold brigand drinks a potion.
The kobold brigand seems to speed up.
The centaur unwields a +1 shortbow of draining.
The centaur wields a +0 broad axe.
The centaur misses you.
The centaur kicks you but does no damage.
The kobold brigand throws a curare-tipped dart.
The curare-tipped dart hits you.
You are poisoned.
You have difficulty breathing.
* * * LOW HITPOINT WARNING * * *
You feel yourself slow down.
The kobold brigand throws a curare-tipped dart.
The curare-tipped dart closely misses you.
The centaur closely misses you.
The centaur kicks you but does no damage.
You slash the centaur!
The centaur is severely wounded.
You feel sick. The centaur misses you. The centaur closely misses you.
The centaur barely misses you. You block the centaur's attack.
You closely miss the centaur.
The centaur is severely wounded.
You feel sick.
The centaur hits you with a +0 broad axe.
* * * LOW HITPOINT WARNING * * *
The centaur closely misses you.
The centaur hits you with a +0 broad axe!
You die...

, *** #.........# *
,*#.........# * , ,,
*#)........#* ,* **
#..?......# , # * *
#..######## , # ,,, ,
#..# , * # , , , ,#J.# ,
* *,, , ,,, * #cK# * ,,
* #.@##### ,, ,, * ****
#...)..# #.#,, * ,
#...##.# #.# .## ~ ~
#...# .###..,...., ~ ~ ~
#...# .....#....#.# ~~
*#...####...#....#.# ,,*
#....#.....##...#.. * *
* #........#.##...###
,.........#............#
#


You could see a kobold brigand (fast), a centaur and a jelly.

Vanquished Creatures
  Psyche (D:8)
  A freezing wraith (D:8)
  5 yaks (D:8)
  A steam dragon (D:6)
  A water moccasin (D:5)
  3 sky beasts
  An orc warrior (D:7)
  An ice beast (D:4)
  5 centaurs (D:8)
  2 kobold brigands
  A necrophage (D:5)
  3 bullfrogs
  2 scorpions
  8 killer bees (D:8)
  A howler monkey (D:8)
  A jelly (D:5)
  2 orc priests
  5 orc wizards
  3 iguanas
  2 adders
  2 ufetubi
  13 orcs
  3 bats
  An endoplasm (D:4)
  3 giant cockroaches
  6 hobgoblins
  6 jackals
  12 kobolds
  2 quokkas
  3 frilled lizards
  4 goblins
  2 rats
106 creatures vanquished.

Vanquished Creatures (others)
  An orc wizard (D:7)
  8 plants (D:8)
9 creatures vanquished.

Grand Total: 115 creatures vanquished

Notes
Turn   | Place    | Note
-------+----------+-------------------------------------------
     0 | D:1      | tilp the Meteoran Fighter began the quest for the Orb.
     0 | D:1      | Reached XP level 1. HP: 19/19 MP: 2/2
    64 | D:1      | Reached XP level 2. HP: 26/26 MP: 3/3
    86 | D:2      | Reached skill level 1 in Dodging
   354 | D:2      | Reached XP level 3. HP: 27/31 MP: 4/4
   606 | D:4      | Reached XP level 4. HP: 38/38 MP: 5/5
   612 | D:4      | Noticed an ice beast
   624 | D:4      | Killed an ice beast
   625 | D:4      | Reached skill level 1 in Stealth
   625 | D:4      | Reached XP level 5. HP: 46/46 MP: 6/6
   639 | D:4      | Reached XP level 6. HP: 36/52 MP: 7/7
   649 | D:4      | Found a staircase to the Ecumenical Temple.
   685 | Temple   | Entered the Ecumenical Temple
   701 | Temple   | Became a worshipper of Warmaster Okawaru
   734 | D:5      | Entered Level 5 of the Dungeon
   756 | D:6      | Reached skill level 1 in Invocations
   818 | D:5      | Reached skill level 1 in Throwing
   881 | D:5      | Reached skill level 2 in Invocations
   881 | D:5      | Reached XP level 7. HP: 50/59 MP: 9/9
   906 | D:5      | Reached skill level 3 in Invocations
   947 | D:5      | Reached skill level 4 in Invocations
   948 | D:5      | Reached * piety under Okawaru
   953 | D:5      | Reached skill level 5 in Invocations
   983 | D:5      | Found a snail-covered altar of Cheibriados.
   983 | D:5      | Found a blossoming altar of Fedhas.
   987 | D:5      | Noticed a water moccasin
  1008 | D:5      | Killed a water moccasin
  1009 | D:5      | Reached skill level 6 in Invocations
  1009 | D:5      | Reached XP level 8. HP: 34/66 MP: 13/13
  1056 | D:6      | Noticed a steam dragon
  1076 | D:6      | Killed a steam dragon
  1212 | D:6      | Found a runed translucent door.
  1212 | D:6      | Noticed heinrich's ghost (novice VSBr)
  1218 | D:7      | Found Imuf's Elemental Accessories.
  1358 | D:7      | Gained mutation: You passively map the area around you.
                  | [Meteoran growth]
  1358 | D:7      | Reached XP level 9. HP: 31/72 MP: 13/15
  1417 | D:7      | Reached skill level 5 in Dodging
  1418 | D:7      | Reached skill level 5 in Armour
  1466 | D:8      | Reached skill level 5 in Long Blades
  1472 | D:8      | Reached skill level 7 in Invocations
  1488 | D:8      | Found a shimmering blue altar of Sif Muna.
  1512 | D:8      | Reached skill level 5 in Fighting
  1574 | D:8      | Noticed Psyche
  1614 | D:8      | Reached ** piety under Okawaru
  1633 | D:8      | Killed Psyche
  1634 | D:8      | Reached skill level 8 in Invocations
  1634 | D:8      | Reached XP level 10. HP: 80/83 MP: 15/17
  1937 | D:8      | Noticed a freezing wraith
  1981 | D:8      | Killed a freezing wraith
  1991 | D:8      | Reached *** piety under Okawaru
  1994 | D:8      | HP: 3/80 [centaur/arrow (2)]
  2002 | D:8      | Slain by a centaur

Illustrated notes

Levels and vault maps discovered:
D:1:      lemuel_arrival_behind_the_door_small, layout_loops_ring,
          item_on_display_a
D:2:      layout_basic, minmay_pentomino_u4
D:3:      cheibrodos_fertilizer, layout_loops_ring
D:4:      layout_basic, minmay_temple_entry_mini_moons, minmay_circle_x,
          uniq_eustachio
D:5:      layout_basic, jmf_multi_god_temple, mainiacjoe_overflow_cross_hatched,
          kennysheep_diamond, lexackson_kobold_supper
D:6:      layout_cave_pools, mainiacjoe_overflow_tiny_flanked,
          ebering_ghost_reflecting_pool
D:7:      layout_rooms, nicolae_elemental_shop
D:8:      nzn_winding_woodlands_small [nzn_winding_woodlands_5x15_eye,
          nzn_winding_woodlands_center_garden,
          nzn_winding_woodlands_5x15_river_crossing], layout_basic,
          lemuel_tele_altar, kennysheep_generic_room_15, uniq_psyche
Temple:   sentei_temple_godly_chess

Skill      XL: |  1  2  3  4  5  6  7  8  9 10 |
---------------+-------------------------------+-----
Dodging        | 1 2 3 4 6 7 |  7.5
Long Blades    | 3 4 6 7 |  7.4
Armour         | 4 6 |  6.0
Stealth        | 1 2 3 4 |  4.0
Shields        | 4 |  4.0
Fighting       | 4 5 6 |  6.0
Invocations    | 2 6 8 |  8.0
Throwing       | 1 2 3 4 |  4.0

Action                   |  1- 3 |  4- 6 |  7- 9 | 10-12 || total
-------------------------+-------+-------+-------+-------++-------
Melee: Long sword        |   119 |    62 |   241 |    87 ||   509
Throw: Dart              |       |       |       |     1 ||     1
Invok: Heroism           |       |       |     9 |     2 ||    11
  Use: Potion            |       |     1 |     1 |     2 ||     4
       Scroll            |       |     7 |     2 |       ||     9
 Stab: Invisible         |       |       |     1 |       ||     1
Armor: Scale mail        |    49 |       |       |       ||    49
       Chain mail        |    49 |    20 |   117 |    54 ||   240
       Skin              |       |       |     2 |       ||     2
Dodge: Dodged            |    54 |    40 |   159 |    74 ||   327
Block: Buckler           |    30 |    19 |    70 |    29 ||   148

Table legend: (Time is in decaauts)
 A = Elapsed time spent in this place.
 B = Non-inter-level travel time spent in this place.
 C = Inter-level travel time spent in this place.
 D = Time resting spent in this place.
 E = Time spent auto-exploring this place.
 F = Levels seen in this place.
 G = Mean time per level.
                   A        B        C        D        E       F      G
               +--------+--------+--------+--------+--------+-----+--------+
         Total |   2069 |   1929 |    140 |     24 |      0 |   9 |  229.9 |
       Dungeon |   2046 |   1912 |    134 |     24 |      0 |   8 |  255.8 |
        Temple |     22 |     16 |      6 |      0 |      0 |   1 |   22.0 |
               +--------+--------+--------+--------+--------+-----+--------+

Top non-repeatable levels by time:
     D:8: 523 daAuts
     D:2: 346 daAuts
     D:5: 307 daAuts
     D:7: 263 daAuts
     D:1: 259 daAuts
     D:6: 194 daAuts
     D:4: 118 daAuts
     D:3: 32 daAuts
  Temple: 22 daAuts
